SR
ATHLETIC CLUB KC U-21 @ UNION CITY HILLERS
07/21/2034
 
TOP OF THE 1ST
Athletic Club KC U-21 batting - Pitching for Union City Hillers : RHP Enreecko Avelino
Pitching: RHP Enreecko Avelino
Batting: RHB Ali Ben Bongo 0-0: Ball
1-0: DOUBLE (Line Drive, 78D)
Batting: RHB Kalikiano Keiki 0-0: Called Strike
0-1: Swinging Strike
0-2: Foul Ball, location: 2F
0-2: Ball
1-2: Ball
2-2: Foul Ball, location: 2F
2-2: Strikes out looking
Batting: LHB Todd Baker 0-0: Ball
1-0: Ground out 4-3 (Groundball, 4M)
Ali Ben Bongo to third
Batting: SHB Wesson Clumpway 0-0: Ball
1-0: SINGLE (Groundball, 6MD)
Ali Ben Bongo scores
Batting: LHB Ronnie Boehmer 0-0: Ball
1-0: Called Strike
1-1: Called Strike
1-2: Fielders Choice at 2nd, 6-4 (Groundball, 6)
Top of the 1st over - 1 run, 2 hits, 0 errors, 1 left on base; Athletic Club KC 1 - Union City 0
BOTTOM OF THE 1ST
Union City Hillers batting - Pitching for Athletic Club KC U-21 : RHP Lucas Thomas
Pitching: RHP Lucas Thomas
Batting: SHB Mo Meaker 0-0: Ball
1-0: Ball
2-0: Ball
3-0: Called Strike
3-1: Called Strike
3-2: Fly out, F9 (Flyball, 9)
Batting: RHB Arthur Cook 0-0: SINGLE (Line Drive, 56D)
Batting: LHB Seb Blanch 0-0: Ball
1-0: Ball
2-0: Called Strike
2-1: Ball
Passed Ball!
Arthur Cook to second
3-1: Foul Ball, location: 2F
3-2: Foul Ball, location: 2F
3-2: Foul Ball, location: 2F
3-2: Fly out, F9 (Flyball, 89D)
Runner from 2nd tags up, SAFE at 3rd, no throw
Batting: RHB Ken Barger 0-0: Swinging Strike
0-1: Ball
1-1: Foul Ball, location: 2F
1-2: Strikes out swinging
Bottom of the 1st over - 0 runs, 1 hit, 0 errors, 1 left on base; Athletic Club KC 1 - Union City 0
TOP OF THE 2ND
Athletic Club KC U-21 batting - Pitching for Union City Hillers : RHP Enreecko Avelino
Batting: RHB Quinn Albracht 0-0: Called Strike
0-1: Ball
1-1: Ball
2-1: Swinging Strike
2-2: Strikes out swinging
Batting: RHB Luis Santana 0-0: Called Strike
0-1: Ball
1-1: Fly out, F9 (Flyball, 9)
Batting: SHB Howard Carpentier 0-0: Ball
1-0: Called Strike
1-1: Called Strike
1-2: Strikes out looking
Top of the 2nd over - 0 runs, 0 hits, 0 errors, 0 left on base; Athletic Club KC 1 - Union City 0
BOTTOM OF THE 2ND
Union City Hillers batting - Pitching for Athletic Club KC U-21 : RHP Lucas Thomas
Batting: LHB Cesar Baardman 0-0: Ball
1-0: Called Strike
1-1: Foul Ball, location: 2F
1-2: Strikes out swinging
Batting: RHB Steffen Jones 0-0: Called Strike
0-1: Ground out 1-3 (Groundball, 15)
Batting: RHB Tony Juderías 0-0: Called Strike
0-1: TRIPLE (Flyball, 8LXD)
Batting: RHB Artur Nugaev 0-0: SINGLE (Groundball, 4S) (infield hit)
Tony Juderías scores
Batting: RHB Joe Gram 0-0: Foul Ball, location: 2F
0-1: Swinging Strike
0-2: Strikes out looking
Bottom of the 2nd over - 1 run, 2 hits, 0 errors, 1 left on base; Athletic Club KC 1 - Union City 1
TOP OF THE 3RD
Athletic Club KC U-21 batting - Pitching for Union City Hillers : RHP Enreecko Avelino
Batting: RHB Jorge Ávila 0-0: Called Strike
0-1: DOUBLE (Flyball, 78D)
Batting: RHB Ali Ben Bongo 0-0: Ball
1-0: Foul Ball, location: 2F
1-1: Foul Ball, location: 2F
1-2: Ball
2-2: Ball
3-2: Base on Balls
Batting: RHB Kalikiano Keiki 0-0: Called Strike
0-1: Hit by Pitch
Jorge Ávila to third
Ali Ben Bongo to second
Batting: LHB Todd Baker 0-0: Called Strike
0-1: Called Strike
0-2: Ball
1-2: Fly out, F4 (Line Drive, 4)
Batting: SHB Wesson Clumpway 0-0: Grounds into double play, 3-6-1 (Groundball, 3)
Top of the 3rd over - 0 runs, 1 hit, 0 errors, 2 left on base; Athletic Club KC 1 - Union City 1
BOTTOM OF THE 3RD
Union City Hillers batting - Pitching for Athletic Club KC U-21 : RHP Lucas Thomas
Batting: SHB Mo Meaker 0-0: Ground out 4-3 (Groundball, 4)
Batting: RHB Arthur Cook 0-0: Called Strike
0-1: Ball
1-1: Foul Ball, location: 2F
1-2: Fly out, F9 (Flyball, 9S)
Batting: LHB Seb Blanch 0-0: Ball
1-0: Ball
2-0: Ground out 4-3 (Groundball, 34D)
Bottom of the 3rd over - 0 runs, 0 hits, 0 errors, 0 left on base; Athletic Club KC 1 - Union City 1
TOP OF THE 4TH
Athletic Club KC U-21 batting - Pitching for Union City Hillers : RHP Enreecko Avelino
Batting: LHB Ronnie Boehmer 0-0: Ball
1-0: Fly out, F4 (Popup, 4)
Batting: RHB Quinn Albracht 0-0: SINGLE (Flyball, 8RS)
Batting: RHB Luis Santana 0-0: Ball
1-0: Ball
2-0: Foul Ball, location: 2F
2-1: Ball
3-1: Called Strike
3-2: Foul Ball, location: 2F
3-2: Strikes out looking
Batting: SHB Howard Carpentier 0-0: SINGLE (Groundball, 34D)
Quinn Albracht to second
Runner from 2nd tries for 3rd, SAFE, throw made to third
Batting: RHB Jorge Ávila 0-0: Called Strike
0-1: Called Strike
0-2: Strikes out swinging
Top of the 4th over - 0 runs, 2 hits, 0 errors, 2 left on base; Athletic Club KC 1 - Union City 1
BOTTOM OF THE 4TH
Union City Hillers batting - Pitching for Athletic Club KC U-21 : RHP Lucas Thomas
Batting: RHB Ken Barger 0-0: Fly out, F7 (Flyball, 7LD)
Batting: LHB Cesar Baardman 0-0: Called Strike
0-1: Ball
1-1: Ball
2-1: Foul Ball, location: 2F
2-2: Ball
3-2: Foul Ball, location: 2F
3-2: Base on Balls
Batting: RHB Steffen Jones 0-0: Ball
1-0: Ball
2-0: Foul Ball, location: 2F
2-1: Ball
3-1: Foul Ball, location: 2F
3-2: Fly out, F9 (Flyball, 9LD)
Batting: RHB Tony Juderías 0-0: Called Strike
0-1: Ball
1-1: Fly out, F8 (Flyball, 8LM)
Bottom of the 4th over - 0 runs, 0 hits, 0 errors, 1 left on base; Athletic Club KC 1 - Union City 1
TOP OF THE 5TH
Athletic Club KC U-21 batting - Pitching for Union City Hillers : RHP Enreecko Avelino
Batting: RHB Ali Ben Bongo 0-0: Ball
1-0: Fly out, F8 (Flyball, 89M)
Batting: RHB Kalikiano Keiki 0-0: Called Strike
0-1: Ball
1-1: Ball
2-1: Called Strike
2-2: Fly out, F8 (Flyball, 8RM)
Batting: LHB Todd Baker 0-0: Called Strike
0-1: Called Strike
0-2: Ball
1-2: Foul Ball, location: 2F
1-2: Strikes out swinging
Top of the 5th over - 0 runs, 0 hits, 0 errors, 0 left on base; Athletic Club KC 1 - Union City 1
BOTTOM OF THE 5TH
Union City Hillers batting - Pitching for Athletic Club KC U-21 : RHP Lucas Thomas
Batting: RHB Artur Nugaev 0-0: Ball
1-0: Ball
2-0: Foul Ball, location: 2F
2-1: Ground out 6-3 (Groundball, 6S)
Batting: RHB Joe Gram 0-0: Foul Ball, location: 2F
0-1: SINGLE (Line Drive, 7S)
Batting: SHB Mo Meaker 0-0: Ball
1-0: Ball
2-0: Ball
3-0: Called Strike
3-1: Foul Ball, location: 2F
3-2: SINGLE (Line Drive, 78M)
Joe Gram to second
Batting: RHB Arthur Cook 0-0: Ball
1-0: Foul Ball, location: 2F
1-1: Called Strike
1-2: Foul Ball, location: 2F
1-2: Strikes out swinging
Batting: LHB Seb Blanch 0-0: Ball
1-0: DOUBLE (Line Drive, 89D)
Joe Gram scores
Mo Meaker to third
Runner from 3rd tries for Home, SAFE, no throw
Batting: RHB Ken Barger 0-0: SINGLE (Groundball, 56D)
Seb Blanch to third
Runner from 3rd tries for Home, SAFE, no throw
Batting: LHB Cesar Baardman 0-0: Called Strike
0-1: Fly out, F7 (Flyball, 7)
Bottom of the 5th over - 3 runs, 4 hits, 0 errors, 1 left on base; Athletic Club KC 1 - Union City 4
TOP OF THE 6TH
Athletic Club KC U-21 batting - Pitching for Union City Hillers : RHP Enreecko Avelino
Batting: SHB Wesson Clumpway 0-0: Ball
1-0: Foul Ball, location: 2F
1-1: Swinging Strike
1-2: Strikes out swinging
Batting: LHB Ronnie Boehmer 0-0: Ball
1-0: Ground out 4-3 (Groundball, 4)
Batting: RHB Quinn Albracht 0-0: Called Strike
0-1: Ball
1-1: Fly out, F8 (Flyball, 8RXD)
Top of the 6th over - 0 runs, 0 hits, 0 errors, 0 left on base; Athletic Club KC 1 - Union City 4
BOTTOM OF THE 6TH
Union City Hillers batting - Pitching for Athletic Club KC U-21 : RHP Lucas Thomas
Batting: RHB Steffen Jones 0-0: Ball
1-0: Ball
2-0: Foul Ball, location: 2F
2-1: Ball
3-1: SINGLE (Line Drive, 89S)
Batting: RHB Tony Juderías 0-0: Called Strike
0-1: Swinging Strike
0-2: Ball
1-2: Ball
2-2: Foul Ball, location: 2F
2-2: Foul Ball, location: 2F
2-2: Ball
3-2: Reached on error, E5 (Groundball, 56)
Steffen Jones to third
Pitching: RHP Hendri Zeitler
Batting: RHB Artur Nugaev 0-0: Called Strike
0-1: Ball
1-1: Foul Ball, location: 2F
1-2: Strikes out swinging
Batting: RHB Joe Gram 0-0: Foul Ball, location: 2F
0-1: Ball
1-1: Fly out, F7 (Flyball, 78S)
Runner from 3rd tags up, SCORES, no throw
Batting: SHB Mo Meaker 0-0: Ball
1-0: Swinging Strike
1-1: Ball
2-1: Foul Ball, location: 2F
2-2: Fly out, F5 (Popup, P)
Bottom of the 6th over - 1 run, 1 hit, 1 error, 1 left on base; Athletic Club KC 1 - Union City 5
TOP OF THE 7TH
Athletic Club KC U-21 batting - Pitching for Union City Hillers : RHP Enreecko Avelino
Batting: RHB Luis Santana 0-0: Fly out, F8 (Flyball, 8RD)
Batting: SHB Howard Carpentier 0-0: Foul Ball, location: 2F
0-1: Swinging Strike
0-2: Foul Ball, location: 2F
0-2: Strikes out swinging
Batting: RHB Jorge Ávila 0-0: Called Strike
0-1: Ball
1-1: Fly out, F7 (Line Drive, 78D)
Top of the 7th over - 0 runs, 0 hits, 0 errors, 0 left on base; Athletic Club KC 1 - Union City 5
BOTTOM OF THE 7TH
Union City Hillers batting - Pitching for Athletic Club KC U-21 : RHP Hendri Zeitler
Batting: RHB Arthur Cook 0-0: Foul Ball, location: 2F
0-1: Ball
1-1: Ball
2-1: Fly out, F4 (Line Drive, 4)
Batting: LHB Seb Blanch 0-0: Called Strike
0-1: Ball
1-1: Called Strike
1-2: Strikes out swinging
Batting: RHB Ken Barger 0-0: Called Strike
0-1: Foul Ball, location: 2F
0-2: Ball
1-2: SOLO HOME RUN (Flyball, 78XD), Distance : 438 ft
Batting: LHB Cesar Baardman 0-0: DOUBLE (Line Drive, 9LM)
Batting: RHB Steffen Jones 0-0: Ball
1-0: Foul Ball, location: 2F
1-1: Foul Ball, location: 2F
1-2: Ball
Wild Pitch!
Cesar Baardman to third
2-2: Foul Ball, location: 2F
2-2: Ball
3-2: Strikes out swinging
Bottom of the 7th over - 1 run, 2 hits, 0 errors, 1 left on base; Athletic Club KC 1 - Union City 6
TOP OF THE 8TH
Athletic Club KC U-21 batting - Pitching for Union City Hillers : RHP Enreecko Avelino
Batting: RHB Ali Ben Bongo 0-0: Ball
1-0: Foul Ball, location: 2F
1-1: Swinging Strike
1-2: Foul Ball, location: 2F
1-2: Strikes out looking
Batting: RHB Kalikiano Keiki 0-0: Ground out 1-6-3 (Groundball, 15S)
Batting: LHB Todd Baker 0-0: Called Strike
0-1: Called Strike
0-2: Ball
1-2: Ball
2-2: Foul Ball, location: 2F
2-2: Strikes out swinging
Top of the 8th over - 0 runs, 0 hits, 0 errors, 0 left on base; Athletic Club KC 1 - Union City 6
BOTTOM OF THE 8TH
Union City Hillers batting - Pitching for Athletic Club KC U-21 : RHP Hendri Zeitler
Batting: RHB Tony Juderías 0-0: Ball
1-0: SINGLE (Groundball, 5D)
Batting: RHB Artur Nugaev 0-0: Ball
1-0: Called Strike
1-1: Ball
2-1: SINGLE (Line Drive, 89S)
Tony Juderías to second
Batting: RHB Joe Gram 0-0: Ball
1-0: Called Strike
1-1: Ball
2-1: Swinging Strike
2-2: Strikes out swinging
Batting: SHB Mo Meaker 0-0: SINGLE (Flyball, 8RS)
Tony Juderías to third
Artur Nugaev to second
Batting: RHB Arthur Cook 0-0: Ball
1-0: Ball
2-0: Grounds into double play, 5-2-3 (Groundball, 56S)
Bottom of the 8th over - 0 runs, 3 hits, 0 errors, 2 left on base; Athletic Club KC 1 - Union City 6
TOP OF THE 9TH
Athletic Club KC U-21 batting - Pitching for Union City Hillers : RHP Enreecko Avelino
Now at 3B: Zi-jing Eng
Batting: SHB Wesson Clumpway 0-0: Swinging Strike
0-1: Swinging Strike
0-2: Ball
1-2: Ball
2-2: Ball
3-2: Foul Ball, location: 2F
3-2: SINGLE (Line Drive, 7S)
Batting: LHB Ronnie Boehmer 0-0: Foul Ball, location: 2F
0-1: Foul Ball, location: 2F
0-2: Ball
1-2: Fly out, F7 (Flyball, 7LM)
Batting: RHB Quinn Albracht 0-0: Ball
1-0: SINGLE (Line Drive, 34D)
Wesson Clumpway to second
Batting: RHB Luis Santana 0-0: Ball
1-0: Fielders Choice at 2nd, 5-4 (Groundball, 56)
Wesson Clumpway to third
Batting: SHB Howard Carpentier 0-0: Called Strike
0-1: Ball
1-1: Ball
2-1: Ball
3-1: Fly out, F9 (Line Drive, 89D)
Top of the 9th over - 0 runs, 2 hits, 0 errors, 2 left on base; Athletic Club KC 1 - Union City 6
Friday, March 29th, 2019 - OOTP Baseball 18.8 Build 76